 Dungeon Crawl Stone Soup version 0.20-a0-555-gf6ae02d (webtiles) character file.

674 Devintownsend the Chopper (level 7, -10/61 HPs)
             Began as a Minotaur Fighter on Feb 3, 2017.
             Mangled by a vampire (11 damage)
             ... on level 6 of the Dungeon.
             The game lasted 00:13:32 (3513 turns).

Devintownsend the Chopper (Minotaur Fighter)        Turns: 3513, Time: 00:13:33

Health: -10/61     AC: 11    Str: 27    XL:     7   Next: 33%
Magic:  6/6        EV:  8    Int:  5    God:
Gold:   259        SH:  0    Dex: 10    Spells: 6/6 levels left

rFire    . . .     SeeInvis .   a - +0 war axe
rCold    . . .     Gourm    .   b - +0 scale mail
rNeg     . . .     Faith    +   c - +0 shield
rPois    .         Spirit   .   (helmet restricted)
rElec    .         Reflect  .   r - +0 cloak
rCorr    .         Harm     .   k - +1 pair of gloves
MR       .....                  (no boots)
Stlth    ..........             w - amulet of faith
Regen    0.2/turn               (no ring)
                                (no ring)

@: confused, mighty, lethally poisoned (-10 -> -10)
A: retaliatory headbutt, horns 2
a: no special abilities


You were on level 6 of the Dungeon.
You were not hungry.

You visited 1 branch of the dungeon, and saw 6 of its levels.

You collected 259 gold pieces.

Inventory:

Hand Weapons
 a - a +0 war axe (weapon)
 s - a +4 great mace
Armour
 b - a +0 scale mail (worn)
 c - a +0 shield (worn)
 k - a +1 pair of gloves (worn)
 r - a +0 cloak (worn)
Jewellery
 l - an uncursed ring of ice
 q - an uncursed ring of teleportation
 w - an amulet of faith (around neck)
 B - an uncursed ring of resist corrosion {unknown}
 E - an uncursed ring of see invisible {unknown}
Wands
 e - a wand of polymorph (9/24)
Scrolls
 j - a scroll of fog
 n - 8 scrolls of identify
 u - 4 scrolls of teleportation
 x - a scroll of immolation {unknown}
 y - a scroll of amnesia
 z - 2 scrolls of blinking {unknown}
 A - a scroll of enchant weapon {unknown}
 C - 2 scrolls of remove curse
Potions
 d - 2 potions of might
 i - a potion of agility
 m - 5 potions of curing {unknown}
 o - a potion of heal wounds {unknown}
 p - a potion of mutation {unknown}
Books
 t - a book of Misfortune

   Spells                             Type                      Level
   a - Confusing Touch                Hexes                        1
   b - Confuse                        Hexes                        3
   c - Gell's Gravitas                Hexes/Translocation          3
   d - Petrify                        Transmutation/Earth          4
   e - Metabolic Englaciation         Hexes/Ice                    5
   f - Yara's Violent Unravelling     Hexes/Transmutation          5
Comestibles
 f - 5 bread rations
 g - 3 meat rations
 h - 8 fruits
 v - 2 royal jellies


   Skills:
 + Level 5.4 Fighting
 + Level 6.9 Axes
 + Level 6.5 Armour
 - Level 4.2 Shields


You had 6 spell levels left.
You didn't know any spells.

Dungeon Overview and Level Annotations

Branches:
Dungeon (6/15)
 Temple: D:4-7

Altars:
Fedhas
Qazlal


Innate Abilities, Weirdness & Mutations

You reflexively headbutt those who attack you in melee.
You have a pair of horns on your head.


Message History

The vampire gestures at you while chanting.
You are confused.
The vampire completely misses you. The vampire bites you.
* * * LOW HITPOINT WARNING * * *
The vampire draws strength from your injuries!
You closely miss the vampire. You headbutt the vampire.
The vampire is lightly damaged.
You feel sick. The vampire closely misses you. The vampire barely misses you.
You closely miss the vampire. You headbutt the vampire!
The vampire is heavily damaged.
The vampire barely misses you. x4
The vampire barely misses you.
The vampire bites you but does no damage.
You feel sick.
The vampire hits you but does no damage.
The vampire bites you.
* * * LOW HITPOINT WARNING * * *
The vampire draws strength from your injuries!
The vampire hits you!
You die...

^......####.##.##.#
#######...........#####
..#............####...#
##.>###.####..........###
##.###.##.....##.......#
#........#..##.........
##.###.####..##.........
##.################+#####
..#.........(...@........
###...##.#.#.#.#V#.#.#.#.
#...##.......#.....
#...################
#...# #.... #)..## .....


You could see a vampire.

Vanquished Creatures
  The ghost of wa11 the Changer, an amateur DrTm of Sif Muna (D:4)
  A killer bee (D:6)
  A howler monkey (D:4)
  A crimson imp (D:5)
  A jelly (D:6)
  4 orc wizards
  An orc priest (D:4)
  A gnoll shaman (D:4)
  2 worker ants (D:4)
  A hound skeleton (D:5)
  A worker ant zombie (D:5)
  4 gnolls (D:4)
  8 adders
  A shadow imp (D:5)
  An ooze (D:1)
  An adder zombie (D:3)
  A worm (D:2)
  2 dart slugs
  2 leopard geckos
  8 orcs
  3 giant cockroaches
  4 goblins
  3 hobgoblins
  14 jackals
  5 bats
  4 frilled lizards
  8 kobolds
  3 rats (D:1)
87 creatures vanquished.

Notes
Turn   | Place    | Note
-------+----------+-------------------------------------------
     0 | D:1      | Devintownsend the Minotaur Fighter began the quest for the Orb.
     0 | D:1      | Reached XP level 1. HP: 19/19 MP: 0/0
   210 | D:1      | Reached XP level 2. HP: 17/27 MP: 1/1
   472 | D:1      | Reached XP level 3. HP: 33/33 MP: 2/2
  1268 | D:2      | Reached XP level 4. HP: 38/40 MP: 3/3
  2130 | D:4      | Reached XP level 5. HP: 22/47 MP: 4/4
  2290 | D:4      | Reached skill level 5 in Armour
  2295 | D:4      | Reached skill level 5 in Axes
  2311 | D:4      | Reached XP level 6. HP: 24/55 MP: 5/5
  2493 | D:4      | Noticed wa11's ghost (amateur DrTm)
  2511 | D:4      | Killed wa11's ghost
  2511 | D:4      | Reached skill level 5 in Fighting
  2909 | D:5      | Entered Level 5 of the Dungeon
  2942 | D:5      | Found a blossoming altar of Fedhas.
  3147 | D:5      | Found a stormy altar of Qazlal.
  3337 | D:6      | Reached XP level 7. HP: 58/61 MP: 6/6
  3497 | D:6      | Noticed a vampire
  3509 | D:6      | HP: 3/61 [poisoned by a killer bee]
  3512 | D:6      | HP: 1/61 [vampire (2)]
  3513 | D:6      | Mangled by a vampire

Vault maps used:
D:1:      lightli_arrival_statue_moat
D:4:      first_bread, minivault_24
D:5:      marbit_many_paths, basic_altar
D:6:      temple_green, nicolae_ossuary_entry_plus, corner_web_ring,
          minmay_gold_behind_fungi, hangedman_minor_gate_pass

Skill      XL: |  1  2  3  4  5  6 |
---------------+-------------------+-----
Fighting       | 4 5 |  5.4
Armour         | 4 5 6 |  6.5
Axes           | 3 4 5 6 |  6.9
Shields        | 4 |  4.2

Action                   |  1- 3 |  4- 6 |  7- 9 || total
-------------------------+-------+-------+-------++-------
Melee: War axe           |    84 |   152 |    32 ||   268
       Headbutt          |    12 |    28 |     3 ||    43
  Use: Scroll            |     7 |     1 |       ||     8
       Potion            |       |       |     1 ||     1
  Eat: Chunk             |     1 |     7 |     1 ||     9
Armor: Scale mail        |    45 |    83 |    24 ||   152
Dodge: Dodged            |    27 |    50 |    16 ||    93
Block: Shield            |    49 |    73 |    22 ||   144
